 Dungeon Crawl Stone Soup version 0.29.0-11-gd7f09526c8 (webtiles) character file.

Game seed: 6708252775089410682

100 xian the Chopper (level 4, 0/52 HPs)
             Began as a Demonspawn Monk on Sept 5, 2022.
             Was a Believer of Okawaru.
             Succumbed to a gnoll's poison
             ... on level 4 of the Dungeon.
             The game lasted 00:05:25 (2338 turns).

xian the Chopper (Demonspawn Monk)                  Turns: 2338, Time: 00:05:25

Health: 0/52       AC: 10    Str: 13    XL:     4   Next: 46%
Magic:  4/4        EV: 10    Int: 11    God:    Okawaru [**....]
Gold:   88         SH:  0    Dex: 16    Spells: 3/3 levels left

rFire   . . .      SeeInvis .   a - +0 hand axe
rCold   . . .      Faith    .   (no shield)
rNeg    . . .      Spirit   .   l - +2 scale mail {Will+}
rPois   .          Reflect  .   (no helmet)
rElec   .          Harm     .   (no cloak)
rCorr   .          Rampage  .   (no gloves)
Will    +....                   (no boots)
Stlth   ..........              (no amulet)
HPRegen 0.17/turn               (no ring)
MPRegen 0.09/turn               (no ring)

@: berserking, lethally poisoned (0 -> -11), very quick
A: molten scales 1, spiny 1
a: Renounce Religion, Heroism


You were on level 4 of the Dungeon.
You worshipped Okawaru.
Okawaru was pleased with you.
You visited 2 branches of the dungeon, and saw 4 of its levels.

You collected 88 gold pieces.

Inventory:

Hand Weapons
 a - a +0 hand axe (weapon)
Armour
 l - a +2 scale mail of willpower (worn)
Scrolls
 e - a scroll of fear
 j - a scroll of amnesia
 k - a scroll of summoning
 m - a scroll of teleportation {unknown}
 p - 2 scrolls of enchant armour {unknown}
Potions
 b - a potion of brilliance {unknown}
 d - a potion of might {unknown}
 h - a potion of lignification
 i - a potion of magic {unknown}
 n - a potion of curing {unknown}
 o - a potion of mutation {unknown}


   Skills:
 + Level 3.5 Fighting
 + Level 3.6 Axes
 + Level 0.3 Armour
 + Level 3.3 Dodging
 + Level 2.4 Stealth


You had 3 spell levels left.
You didn't know any spells.
Your spell library contained the following spells:

 Spells                   Type           Power      Damage    Failure   Level
 Sandblast                Erth           0%         2d4       87%         1
 Passwall                 Tmut/Erth      0%         N/A       95%         2
 Stone Arrow              Conj/Erth      0%         3d7       99%         3
 Eringya's Noxious Bog    Tmut/Pois      0%         N/A       100%        6
 Summon Forest            Summ/Tloc      Unusable   N/A       N/A         5
 Summon Hydra             Summ           Unusable   N/A       N/A         7

Dungeon Overview and Level Annotations

Branches:
Dungeon (4/15)             Temple (1/1) D:4

Altars:
Ashenzari
Dithmenos
Makhleb
Nemelex Xobeh
Okawaru
Qazlal
Sif Muna
Trog
Vehumet


Innate Abilities, Weirdness & Mutations

You are partially covered in molten scales. (AC +2)
You are partially covered in sharp spines.


Message History

You kill the gnoll!
Okawaru accepts your kill.
You hit the gnoll. You hit the gnoll but do no damage.
You feel very sick. The gnoll is struck by your spines.
The gnoll closely misses you. The gnoll hits you but does no damage.
You are lethally poisoned!
You feel very sick. The gnoll barely misses you.
The gnoll hits you with a +2 spear of venom.
* * * LOW HITPOINT WARNING * * *
You are more poisoned.
Things that are here:
a +0 whip; a gnoll corpse
Press: ? - help, v - describe, . - travel
Here: a gnoll, wielding a +2 spear of venom (lightly wounded)
The floor.
* * * LOW HITPOINT WARNING * * *
You feel very sick. The gnoll closely misses you.
Unknown command.
You bump into the rock wall.
You feel less invigorated.
You feel less confused.
* * * LOW HITPOINT WARNING * * *
You feel very sick. The gnoll hits you but does no damage.
The gnoll is struck by your spines. The gnoll closely misses you.
Unknown command.
You hit the gnoll.
The gnoll is heavily wounded.
You hit the gnoll but do no damage.
* * * LOW HITPOINT WARNING * * *
You feel very sick. The gnoll hits you with a +0 club.
* * * LOW HITPOINT WARNING * * *
The gnoll completely misses you.
It was a potion of berserk rage.
A red film seems to cover your vision as you go berserk!
You feel yourself moving faster!
You feel mighty!
You die...

#((#......
#.(#......
####(.#
###..
#.....# #
#.###.####
# #......#
#......#
#.g....#
#@g....#
#.)<...#
#......#
########


You could see 2 gnolls.

Vanquished Creatures
  A gnoll (D:4)
  3 adders
  An ufetubus (D:4)
  2 worms
  A dart slug (D:4)
  5 endoplasms
  4 giant cockroaches (D:1)
  4 goblins
  2 hobgoblins (D:1)
  6 jackals
  3 quokkas (D:1)
  3 ball pythons
  4 bats
  2 frilled lizards
  5 kobolds
  3 rats (D:1)
49 creatures vanquished.

Notes
Turn   | Place    | Note
-------+----------+-------------------------------------------
     0 | D:1      | xian the Demonspawn Monk began the quest for the Orb.
     0 | D:1      | Reached XP level 1. HP: 18/18 MP: 1/1
   269 | D:1      | Gained mutation: You are partially covered in molten
                  | scales. (AC +2) [demonic ancestry]
   269 | D:1      | Reached XP level 2. HP: 21/24 MP: 2/2
  1242 | D:1      | Gained mutation: You are partially covered in sharp spines.
                  | [demonic ancestry]
  1242 | D:1      | Reached XP level 3. HP: 29/29 MP: 3/3
  1630 | D:2      | You fall into a shaft and drop 2 floors!
  1630 | D:4      | Found a staircase to the Ecumenical Temple.
  1634 | Temple   | Entered the Ecumenical Temple
  1782 | Temple   | Became a worshipper of Warmaster Okawaru
  1782 | Temple   | Reached * piety under Okawaru
  1782 | Temple   | Reached ** piety under Okawaru
  2103 | D:4      | Reached XP level 4. HP: 34/35 MP: 4/4
  2327 | D:4      | HP: 1/35 [poisoned by a gnoll]
  2337 | D:4      | HP: 1/35 [gnoll/+0 club (4)]
  2338 | D:4      | Succumbed to a gnoll's poison

Illustrated notes

Levels and vault maps discovered:
D:1:      lemuel_arrival_cross, layout_basic
D:2:      layout_basic
D:4:      layout_basic, temple_green, uniq_crazy_yiuf_cottage
Temple:   mainiacjoe_temple_big_plus

Skill      XL: |  1  2  3 |
---------------+----------+-----
Dodging        | 3 |  3.3
Axes           | 3 |  3.6
Stealth        | 2 |  2.4
Fighting       | |  3.5
Armour         | |  0.3

Action                   |  1- 3 |  4- 6 || total
-------------------------+-------+-------++-------
Melee: Hand axe          |   150 |    13 ||   163
       Punch             |     2 |       ||     2
Throw: Dart              |       |     4 ||     4
  Use: Scroll            |     3 |       ||     3
       Potion            |       |     4 ||     4
 Stab: Sleeping          |     3 |       ||     3
Armor: Robe              |    27 |       ||    27
       Scale mail        |    20 |    12 ||    32
Dodge: Dodged            |   110 |    18 ||   128
